 Dungeon Crawl Stone Soup version 0.27-a0-1060-gcb85b5eba1 (webtiles) character file.

Game seed: 16329617314488038125

12077 siradein the Carver (level 11, -7/95 HPs)
             Began as a Minotaur Fighter on Apr 21, 2021.
             Was a Follower of Uskayaw.
             Mangled by Snorg (13 damage)
             ... on level 9 of the Dungeon.
             The game lasted 00:33:24 (11814 turns).

siradein the Carver (Minotaur Fighter)             Turns: 11814, Time: 00:33:25

Health: -7/95      AC: 10    Str: 21    XL:     11   Next: 57%
Magic:  14/14      EV: 13    Int:  5    God:    Uskayaw [*.....]
Gold:   741        SH: 16    Dex: 13    Spells: 10/10 levels left

rFire    . . .     SeeInvis .   E - +2 demon blade (freeze)
rCold    . . .     Faith    .   c - +0 kite shield
rNeg     . . .     Spirit   .   M - +0 troll leather armour
rPois    .         Reflect  +   (helmet restricted)
rElec    .         Harm     .   v - +2 cloak
rCorr    .         Rampage  .   (no gloves)
Will     .....                  l - +0 pair of boots
Stlth    +.........             j - amulet of reflection
HPRegen  1.25/turn              (no ring)
MPRegen  0.14/turn              (no ring)

@: no status effects
A: horns 2, retaliatory headbutt
a: Renounce Religion, Stomp


You were on level 9 of the Dungeon.
You worshipped Uskayaw.
Uskayaw was noncommittal.
You visited 2 branches of the dungeon, and saw 11 of its levels.
You also visited: Ossuary.

You collected 741 gold pieces.

Inventory:

Hand Weapons
 t - a +2 long sword of distortion
 B - a +2 scimitar of holy wrath
 E - a +2 demon blade of freezing (weapon)
Missiles
 n - 3 silver javelins (quivered)
 y - 3 boomerangs of dispersal
 A - 9 javelins
Armour
 c - a +0 kite shield (worn)
 l - a +0 pair of boots (worn)
 v - a +2 cloak (worn)
 M - a +0 troll leather armour (worn)
Jewellery
 j - an amulet of reflection (around neck)
 D - an amulet of the acrobat
Wands
 a - a wand of acid (13)
 u - a wand of iceblast (22)
 w - a wand of paralysis (5)
 z - a wand of flame (10)
 C - a wand of mindburst (10)
Scrolls
 e - 2 scrolls of immolation
 f - 4 scrolls of magic mapping {unknown}
 g - 4 scrolls of noise {unknown}
 i - 2 scrolls of teleportation {unknown}
 k - 3 scrolls of enchant weapon {unknown}
 m - a scroll of amnesia {unknown}
 o - a scroll of vulnerability {unknown}
 q - 2 scrolls of enchant armour {unknown}
 r - 2 scrolls of blinking {unknown}
 I - a scroll of brand weapon {unknown}
 J - a scroll of summoning {unknown}
 K - a scroll of fog {unknown}
Potions
 d - 3 potions of might
 h - 2 potions of cancellation
 p - 5 potions of attraction
 s - 4 potions of flight
 x - 4 potions of brilliance
 F - 5 potions of curing
 G - 2 potions of lignification
 L - a potion of haste


   Skills:
 + Level 8.4 Fighting
 - Level 14.0 Long Blades
 + Level 8.5 Armour
 + Level 6.9 Dodging
 + Level 8.5 Shields
 + Level 6.2 Invocations


You had 10 spell levels left.
You didn't know any spells.
Your spell library contained the following spells:

 Spells                   Type           Power      Damage    Failure   Level
 Beastly Appendage        Tmut           0%         N/A       80%         1
 Corona                   Hex            0%         N/A       80%         1
 Slow                     Hex            0%         N/A       91%         2
 Wereblood                Tmut           0%         N/A       91%         2
 Confusing Touch          Hex            0%         N/A       99%         3
 Gell's Gravitas          Tloc           0%         N/A       99%         3
 Inner Flame              Hex/Fire       0%         N/A       99%         3
 Portal Projectile        Hex/Tloc       0%         N/A       99%         3
 Spider Form              Tmut/Pois      0%         N/A       99%         3
 Cause Fear               Hex            0%         N/A       100%        4
 Ice Form                 Ice/Tmut       0%         N/A       100%        4
 Leda's Liquefaction      Hex/Erth       0%         N/A       100%        4
 Petrify                  Tmut/Erth      0%         N/A       100%        4
 Hydra Form               Tmut           0%         N/A       100%        5
 Metabolic Englaciation   Hex/Ice        0%         N/A       100%        5
 Yara's Violent Unravell  Hex/Tmut       0%         3d3       100%        5


Dungeon Overview and Level Annotations

Branches:
Dungeon (10/15)            Temple (1/1) D:4            Lair (0/6) D:9
    Orc (0/2) D:10        Ossuary (visited)

Altars:
Elyvilon
Hepliaklqana
Nemelex Xobeh
Qazlal
Sif Muna
Trog
Uskayaw
Wu Jian
Xom
Yredelemnul
The Shining One

Shops:
D:3 *   D:7 !!?(   D:9 *

Annotations:
D:9 Snorg
D:10 2 runed translucent doors, Sonja


Innate Abilities, Weirdness & Mutations

You have a pair of horns on your head.
You reflexively headbutt those who attack you in melee.


Message History

Sonja throws a curare-tipped dart.
You reflect the curare-tipped dart off an invisible shield around you!
The curare-tipped dart hits Sonja.
Sonja is poisoned.
Sonja convulses.
Sonja seems to slow down.
Sonja gestures wildly while chanting.
Sonja blinks!
There is a stone staircase leading up here.
You feel sick.
You climb upwards.
You feel very sick.
There is a stone staircase leading down here.
You start resting.
You feel sick.
You are no longer poisoned.
You start resting.
HP restored.
You climb downwards.
Level annotation: 2 runed translucent doors, Snorg, Sonja You feel yourself speed up.
There is a stone staircase leading up here.
Sonja casts a spell.
Sonja blinks!
Snorg goes berserk!
You climb upwards.
There is a stone staircase leading down here.
Snorg rages.
Snorg bites you but does no damage. Snorg claws you!! You block Snorg's attack.
You hit Snorg. You freeze Snorg.
Snorg is lightly wounded.
Snorg bites you. You block Snorg's attack. Snorg claws you!
You barely miss Snorg.
Snorg is lightly wounded.
You block Snorg's attack. x2; Snorg claws you!
You slice Snorg!! You freeze Snorg!
Snorg is moderately wounded.
Snorg bites you! Snorg claws you!
* * * LOW HITPOINT WARNING * * *
Snorg claws you!
* * * LOW HITPOINT WARNING * * *
Snorg bites you!
You die...

#..................#....#.......
#..................#.)..#.......
#..................#.>..#....#..
#..................#.........#..
#######............######....#..
#............................#..
#............................#..
#.................>..........#..
#..............@T............#..
#######...>..................#..
#.......................#.......
#..................#....#....###
#..................#....#....#..
#..................#....#....#..
#..................#....#....#..
#....[...........(.#....#....#..
#######............#....#....#..


You could see Snorg (berserk).

Vanquished Creatures
  Erolcha (D:10)
  A two-headed ogre (D:8)
  Maurice (D:8)
  5 orange demons (D:10)
  Maggie (D:10)
  Psyche (D:8)
  2 red devils (D:10)
  3 trolls
  A hornet (D:9)
  Prince Ribbit (D:8)
  A meliai zombie (D:10)
  A shadow (D:9)
  A wraith (D:9)
  6 yaks (D:9)
  A wyvern (D:8)
  Grum (D:10)
  Menkaure (D:7)
  A water moccasin (D:6)
  A sky beast (D:6)
  4 orc warriors
  A necrophage (D:7)
  2 centaurs (D:9)
  2 ogres
  2 wolves (D:10)
  A phantom (D:4)
  3 kobold brigands
  An elf zombie (Ossuary)
  3 scorpions
  A wyvern zombie (D:8)
  5 bullfrogs
  6 gnoll sergeants
  A water moccasin zombie (D:5)
  2 water moccasin skeletons
  6 killer bees (D:7)
  6 howler monkeys
  3 wights (D:6)
  4 centaur zombies
  A bullfrog zombie (D:5)
  2 hounds
  3 orc priests
  4 human zombies (Ossuary)
  3 jellies
  Crazy Yiuf (D:7)
  2 bullfrog skeletons
  A gnoll shaman (D:7)
  A scorpion zombie (D:5)
  6 orc wizards
  2 mummies (Ossuary)
  A howler monkey zombie (D:10)
  Robin (D:4)
  A howler monkey skeleton (D:4)
  16 gnolls
  14 adders
  A shadow imp (D:7)
  2 adder zombies (Ossuary)
  2 worms
  40 orcs
  4 giant cockroaches
  16 goblins
  3 hobgoblins
  2 jackals (D:1)
  8 kobolds
  5 quokkas
  4 ball pythons
  3 bats
  A frilled lizard (D:3)
  14 hobgoblin zombies (Ossuary)
  2 jackal zombies (Ossuary)
  9 kobold zombies (Ossuary)
  3 orc zombies (Ossuary)
  4 rats
266 creatures vanquished.

Notes
Turn   | Place    | Note
-------+----------+-------------------------------------------
     0 | D:1      | siradein the Minotaur Fighter began the quest for the Orb.
     0 | D:1      | Reached XP level 1. HP: 19/19 MP: 0/0
   111 | D:1      | Reached skill level 3 in Long Blades
   158 | D:1      | Found a faded altar of an unknown god.
   267 | D:1      | Reached XP level 2. HP: 26/26 MP: 1/1
   832 | D:2      | Reached skill level 4 in Long Blades
  1033 | D:2      | Reached XP level 3. HP: 30/31 MP: 2/2
  1158 | D:2      | Found a hazy altar of Hepliaklqana.
  1305 | D:2      | Reached skill level 5 in Long Blades
  1434 | D:2      | Reached XP level 4. HP: 38/39 MP: 3/3
  2344 | D:3      | Reached skill level 6 in Long Blades
  2427 | D:3      | Found a glowing golden altar of the Shining One.
  2427 | D:3      | Found a sparkling altar of Nemelex Xobeh.
  2429 | D:3      | Found a bloodstained altar of Trog.
  2472 | D:3      | Found Ruteakku's General Store.
  2505 | D:3      | Reached XP level 5. HP: 37/45 MP: 4/4
  3082 | D:4      | Noticed Robin
  3086 | D:4      | Killed Robin
  3102 | D:4      | Reached skill level 7 in Long Blades
  3355 | D:4      | Noticed a phantom
  3364 | D:4      | Killed a phantom
  3365 | D:4      | Reached XP level 6. HP: 39/51 MP: 5/5
  3370 | D:4      | Reached skill level 8 in Long Blades
  3627 | D:4      | Found a staircase to the Ecumenical Temple.
  3661 | D:4      | Reached skill level 9 in Long Blades
  3672 | Temple   | Entered the Ecumenical Temple
  3702 | Temple   | Became a worshipper of Uskayaw the Reveller
  3921 | D:4      | Reached * piety under Uskayaw
  4019 | D:5      | Entered Level 5 of the Dungeon
  4064 | D:5      | Reached ** piety under Uskayaw
  4067 | D:5      | Reached XP level 7. HP: 53/57 MP: 6/6
  4322 | D:5      | Reached *** piety under Uskayaw
  4323 | D:5      | Reached skill level 10 in Long Blades
  4813 | D:6      | Reached skill level 11 in Long Blades
  4813 | D:6      | Reached XP level 8. HP: 64/64 MP: 7/7
  5261 | D:6      | Reached skill level 12 in Long Blades
  5739 | D:7      | Reached skill level 13 in Long Blades
  5740 | D:7      | Reached **** piety under Uskayaw
  5977 | D:7      | Found Aviusy's Distillery.
  6006 | D:7      | Found Qobriu's Magic Scroll Boutique.
  6034 | D:7      | Noticed Menkaure
  6490 | D:7      | Reached XP level 9. HP: 66/70 MP: 8/8
  6501 | D:7      | Killed Menkaure
  6775 | D:7      | Reached skill level 14 in Long Blades
  6867 | D:7      | Found Desito's Antique Weapon Emporium.
  6986 | D:7      | Found Wubrun's Distillery.
  7002 | D:7      | Reached skill level 1 in Dodging
  7002 | D:7      | Reached skill level 1 in Invocations
  7116 | D:7      | Found a runed translucent door.
  7117 | D:7      | Noticed Crazy Yiuf
  7193 | D:7      | Killed Crazy Yiuf
  7239 | D:8      | Noticed Prince Ribbit
  7241 | D:8      | Noticed Psyche
  7259 | D:8      | Killed Prince Ribbit
  7281 | D:8      | Killed Psyche
  7323 | D:8      | Reached skill level 5 in Fighting
  7323 | D:8      | Reached skill level 5 in Armour
  7323 | D:8      | Reached skill level 5 in Shields
  7323 | D:8      | Found an ornate altar of the Wu Jian Council.
  7333 | D:8      | Noticed a two-headed ogre
  7353 | D:8      | Noticed Maurice
  7563 | D:8      | Killed Maurice
  7586 | D:8      | Found a sand-covered staircase.
  7603 | Ossuary  | Entered an ossuary
  7980 | Ossuary  | Reached XP level 10. HP: 79/81 MP: 6/11
  7997 | Ossuary  | Reached ***** piety under Uskayaw
  8014 | Ossuary  | Reached ****** piety under Uskayaw
  8160 | D:8      | Killed a two-headed ogre
  8778 | D:9      | Reached skill level 5 in Dodging
  9085 | D:9      | Found Safizut's Island Escapes.
  9116 | D:9      | Found a staircase to the Lair.
  9784 | D:10     | Entered Level 10 of the Dungeon
  9812 | D:10     | Noticed Erolcha
  9812 | D:10     | Noticed Grum
  9823 | D:10     | Killed Erolcha
  9824 | D:10     | Reached skill level 5 in Invocations
  9830 | D:10     | Killed Grum
 10000 | D:10     | Reached XP level 11. HP: 92/92 MP: 13/13
 11003 | D:10     | Found a staircase to the Orcish Mines.
 11395 | D:10     | Noticed Maggie
 11409 | D:10     | Killed Maggie
 11445 | D:10     | Noticed Sonja
 11731 | D:10     | Found a runed translucent gate.
 11732 | D:10     | Found a runed translucent gate.
 11770 | D:10     | Noticed Snorg
 11814 | D:9      | Mangled by Snorg

Illustrated notes

Levels and vault maps discovered:
D:1:      lightli_arrival_windingriver, layout_loops_ring,
          shapermc_ecumenical_altar_starsandcircs, kennysheep_crisscross
D:2:      layout_loops_ring, serial_co_window_serial, co_window_paths_a,
          co_window_corner_a, co_window_paths_a, co_window_paths_a,
          co_window_paths_a, co_window_2corner, co_window_corner_ca,
          co_window_paths_c, co_window_paths_c, glass_columns_b, basic_altar
D:3:      layout_loops_ring, grunt_temple_overflow_open, serial_shops,
          nicolae_shop_behind_doors
D:4:      layout_rooms, minmay_temple_entry_purple_smoke, uniq_robin
D:5:      layout_loops_ring, serial_undead, serial_undead_c, serial_undead_f,
          serial_undead_f, serial_undead_c, kennysheep_generic_room_9
D:6:      layout_basic
D:7:      layout_cave_pools, serial_shops, shop, shop, shop, shop,
          hangedman_abyss_or_decor_stabs, uniq_menkaure, uniq_crazy_yiuf_cottage
D:8:      layout_rooms, amcnicky_altar_gilded, chequers_ossuary_entry_cave,
          uniq_maurice, uniq_psyche, uniq_prince_ribbit1
D:9:      layout_grid_maze, lair_entry_dummy, nicolae_island_escapes
D:10:     layout_cave_pods, kennysheep_orc_monster_closet_entryway,
          gammafunk_ghost_spectres, minmay_beelzebubs_servants, uniq_erolcha,
          uniq_sonja, uniq_maggie, uniq_grum, uniq_snorg
Temple:   regret_index_temple_mists

Skill      XL: |  1  2  3  4  5  6  7  8  9 10 11 |
---------------+----------------------------------+-----
Long Blades    | 3 4 5 6 7 9 11 13 14 | 14.0
Dodging        | 3 5 6 |  6.9
Invocations    | 3 5 6 |  6.2
Fighting       | 5 7 8 |  8.4
Armour         | 5 7 8 |  8.5
Shields        | 5 7 8 |  8.5

Action                   |  1- 3 |  4- 6 |  7- 9 | 10-12 || total
-------------------------+-------+-------+-------+-------++-------
Melee: Long sword        |    92 |   131 |   222 |       ||   445
       Headbutt          |     5 |    24 |    48 |    67 ||   144
       Demon blade       |       |       |    50 |   294 ||   344
Invok: Line Pass         |       |       |     8 |     7 ||    15
       Stomp             |       |       |     3 |       ||     3
Evoke: Wand              |       |       |       |     2 ||     2
  Use: Scroll            |       |       |     5 |     2 ||     7
 Stab: Paralysed         |       |       |     8 |    16 ||    24
       Invisible         |       |       |     1 |       ||     1
Armor: Scale mail        |    42 |    70 |    84 |    64 ||   260
       Troll leather arm |       |       |       |     2 ||     2
Dodge: Dodged            |    37 |    58 |    47 |    61 ||   203
Block: Kite shield       |    43 |    83 |   207 |   215 ||   548
       Reflection        |       |       |     3 |    11 ||    14
       Rpst.: Long sword |     9 |    15 |    15 |       ||    39
       Demon blade       |       |       |     2 |    10 ||    12

Table legend: (Time is in decaauts)
 A = Elapsed time spent in this place.
 B = Non-inter-level travel time spent in this place.
 C = Inter-level travel time spent in this place.
 D = Time resting spent in this place.
 E = Time spent auto-exploring this place.
 F = Levels seen in this place.
 G = Mean time per level.
                   A        B        C        D        E       F      G
               +--------+--------+--------+--------+--------+-----+--------+
         Total |  11839 |  11508 |    331 |   1164 |   8135 |  12 |  986.6 |
       Dungeon |  11278 |  10947 |    331 |    916 |   7984 |  10 | 1127.8 |
        Temple |     51 |     51 |      0 |      0 |     18 |   1 |   51.0 |
       Ossuary |    509 |    509 |      0 |    248 |    132 |   1 |  509.0 |
               +--------+--------+--------+--------+--------+-----+--------+

Top non-repeatable levels by time:
     D:9: 1684 daAuts
    D:10: 1680 daAuts
     D:2: 1494 daAuts
     D:7: 1270 daAuts
     D:6: 1222 daAuts
     D:4: 1006 daAuts
     D:1: 799 daAuts
     D:5: 771 daAuts
     D:3: 758 daAuts
     D:8: 591 daAuts
 Ossuary: 509 daAuts
  Temple: 51 daAuts
